 Dungeon Crawl Stone Soup version 0.30-a0-860-g512cf1e979 (webtiles) character file.

Game seed: 1428231347935169614

3471 bmack86 the Cleaver (level 9, -3/80 HPs)
             Began as a Minotaur Fighter on Mar 8, 2023.
             Was a Believer of Okawaru.
             Slain by Grum
             ... wielding a -1 spear
              (5 damage)
             ... on level 8 of the Dungeon.
             The game lasted 00:15:13 (7212 turns).

bmack86 the Cleaver (Minotaur Fighter)              Turns: 7212, Time: 00:15:13

Health: -3/80      AC: 16    Str: 25    XL:     9   Next: 79%
Magic:  10/10      EV:  8    Int:  5    God:    Okawaru [**....]
Gold:   492        SH:  5    Dex: 10    Spells: 8/8 levels left

rFire   + . .      SeeInvis .    a - +1 war axe
rCold   . . .      Faith    .    c - +0 buckler
rNeg    . . .      Spirit   .    s - +1 chain mail {Will+}
rPois   +          Reflect  .    (helmet restricted)
rElec   .          Rampage  .    B - +0 cloak
rCorr   .                        (no gloves)
Will    +....                    k - +2 pair of boots Stlth
                                 (no amulet)
HPRegen 0.33/turn                o - ring of protection from fire
MPRegen 0.12/turn                x - ring of poison resistance

@: no status effects
A: horns 2, retaliatory headbutt
a: Renounce Religion, Heroism


You were on level 8 of the Dungeon.
You worshipped Okawaru.
Okawaru was pleased with you.
You visited 2 branches of the dungeon, and saw 9 of its levels.

You collected 492 gold pieces.

Inventory:

Hand Weapons
 a - a +1 war axe (weapon)
Missiles
 j - 15 poisoned darts
 n - 4 javelins
 r - 4 boomerangs (quivered)
Armour
 c - a +0 buckler (worn)
 k - a +2 pair of boots (worn)
 s - a +1 chain mail of willpower (worn)
 B - a +0 cloak (worn)
 F - a +0 plate armour
Jewellery
 o - a ring of protection from fire (left hand)
 t - a ring of fire
 x - a ring of poison resistance (right hand)
Wands
 q - a wand of paralysis (12)
 y - a wand of quicksilver (18)
Scrolls
 b - a scroll of butterflies {unknown}
 f - 2 scrolls of fog
 h - a scroll of immolation
 i - 4 scrolls of teleportation
 m - 2 scrolls of fear
 z - a scroll of poison
 C - a scroll of amnesia
 D - a scroll of identify
Potions
 d - a potion of might
 e - a potion of brilliance
 g - a potion of flight
 l - 2 potions of curing
 p - 6 potions of haste
 u - a potion of cancellation
 v - a potion of lignification
 w - a potion of mutation
 A - 2 potions of magic
 E - a potion of berserk rage


   Skills:
 + Level 7.6 Fighting
 * Level 9.7 Axes
 + Level 5.1 Throwing
 + Level 7.6 Armour
 + Level 7.6 Shields
 + Level 3.1 Invocations


You had 8 spell levels left.
You didn't know any spells.
Your spell library contained the following spells:

 Spells                   Type           Power      Damage    Failure   Level
 Magic Dart               Conj           0%         1d3       98%         1
 Searing Ray              Conj           0%         2d4       99%         2
 Fulminant Prism          Conj/Hex       0%         3d5       100%        4


Dungeon Overview and Level Annotations

Branches:
Dungeon (8/15)             Temple (1/1) D:6
   Lair: D:8-11

Altars:
Ashenzari
Cheibriados
Dithmenos
Elyvilon
Fedhas
Gozag
Hepliaklqana
Kikubaaqudgha
Makhleb
Nemelex Xobeh
Okawaru
Qazlal
Trog
Uskayaw
Vehumet
Wu Jian
Xom
Yredelemnul

Shops:
D:3 *   D:4 [

Annotations:
D:4 2 transporters, browni3141's ghost, novice KoAr
D:8 Grum; Pikel


Innate Abilities, Weirdness & Mutations

You have a pair of horns on your head.
You reflexively headbutt those who attack you in melee.


Message History

You block the wolf's attack. The wolf closely misses you.
You furiously retaliate!
You headbutt the wolf.
You kill the wolf!
Okawaru accepts your kill. The lemure closely misses you.
The lemure hits you but does no damage.
Grum hits you from afar with a -1 spear!
* * * LOW HITPOINT WARNING * * *
Pikel, Merchant of Souls comes into view.
He is wielding a +2 whip of flaming, wearing a +2 robe of willpower and carrying a wand of polymorph (7).
Pikel shouts!
The lemure hits you!
* * * LOW HITPOINT WARNING * * *
Grum hits you with a -1 spear!
* * * LOW HITPOINT WARNING * * *
You see here a wolf corpse.
You feel better. The lemure hits you.
* * * LOW HITPOINT WARNING * * *
The lemure closely misses you. You block Grum's attack.
Pikel cracks his whip.
You completely miss Grum. You headbutt Grum.
Grum is lightly wounded.
You closely miss the lemure. You completely miss the lemure.
A lemure comes into view.
The lemure closely misses you. The lemure hits you but does no damage.
Grum hits you with a -1 spear.
* * * LOW HITPOINT WARNING * * *
You hit Grum but do no damage. You headbutt Grum!
Grum is moderately wounded.
You hit the lemure.
You kill the lemure!
That felt strangely unrewarding.
You hit the lemure.
You kill the lemure!
That felt strangely unrewarding.
Grum hits you but does no damage.
You closely miss Grum.
Grum is moderately wounded.
Grum hits you but does no damage.
You hit Grum.
Grum is moderately wounded.
A lemure comes into view.
Grum hits you with a -1 spear.
You die...

#...........
#........... ##
#####........... ..
#.......#.>.<... 5
#.###.###........#..
.. #.#...#
#...#..###..
#5#...### ######.# .
#..>.?.### #...
###.K@...# #####
##.g.......
...###(###. ..#.. .#
## ... # .... ..###
.##


You could see Grum, Pikel and 2 lemures.

Vanquished Creatures
  A komodo dragon (D:7)
  5 steam dragons
  Menkaure (D:4)
  2 water moccasins
  An orc warrior (D:8)
  Duvessa (D:4)
  2 black bears
  2 ice beasts (D:7)
  A sky beast (D:7)
  2 wolves (D:8)
  2 lemures (D:8)
  2 phantoms
  A bullfrog (D:6)
  A gnoll sergeant (D:7)
  3 scorpions
  Dowan (D:4)
  A killer bee (D:4)
  A howler monkey (D:5)
  3 hounds
  2 jellies
  2 orc priests (D:2)
  5 iguanas
  2 sleepcaps
  Natasha (twice) (D:3)
  4 orc wizards
  10 adders
  7 gnolls
  A shadow imp (D:6)
  A white imp (D:6)
  3 ufetubi
  4 dart slugs (D:1)
  31 orcs
  12 ball pythons
  8 endoplasms
  4 giant cockroaches
  5 goblins
  6 hobgoblins
  9 jackals
  4 kobolds
  2 quokkas
  8 bats
  A frilled lizard (D:1)
  4 rats
170 creatures vanquished.

Vanquished Creatures (others)
  8 fungi (D:7)
8 creatures vanquished.

Grand Total: 178 creatures vanquished

Notes
Turn   | Place    | Note
-------+----------+-------------------------------------------
     0 | D:1      | bmack86 the Minotaur Fighter began the quest for the Orb.
     0 | D:1      | Reached XP level 1. HP: 19/19 MP: 0/0
    96 | D:1      | Reached XP level 2. HP: 8/27 MP: 1/1
    99 | D:1      | Reached skill level 3 in Axes
   568 | D:1      | Reached XP level 3. HP: 27/33 MP: 2/2
  1252 | D:2      | Identified the +1 dagger "Cesteryud" {drain, Str+3 Int+3}
  1411 | D:2      | Reached XP level 4. HP: 20/40 MP: 3/3
  1413 | D:2      | Reached skill level 4 in Axes
  1413 | D:2      | Reached skill level 1 in Throwing
  2047 | D:3      | Reached XP level 5. HP: 47/47 MP: 4/4
  2097 | D:3      | Found Ocibrute's General Store.
  2181 | D:3      | Noticed Natasha
  2187 | D:3      | Killed Natasha
  2373 | D:3      | Found a white marble altar of Elyvilon.
  2665 | D:3      | Noticed Natasha
  2668 | D:3      | Killed Natasha
  2937 | D:4      | Reached skill level 5 in Axes
  2937 | D:4      | Reached XP level 6. HP: 36/55 MP: 5/5
  2941 | D:4      | Found a transporter.
  2941 | D:4      | Noticed browni3141's ghost (novice KoAr)
  3124 | D:4      | Reached skill level 5 in Fighting
  3124 | D:4      | Reached skill level 5 in Shields
  3172 | D:4      | Reached skill level 5 in Armour
  3384 | D:4      | Reached XP level 7. HP: 59/61 MP: 6/6
  3408 | D:4      | Found a transporter.
  3433 | D:4      | Reached skill level 6 in Axes
  3457 | D:4      | Found Arisihif's Armour Shop.
  3841 | D:4      | Noticed Dowan
  3841 | D:4      | Noticed Duvessa
  3850 | D:4      | Killed Duvessa
  3854 | D:4      | Killed Dowan
  3855 | D:4      | Noticed Menkaure
  3860 | D:4      | Killed Menkaure
  4104 | D:5      | Entered Level 5 of the Dungeon
  4126 | D:5      | Reached skill level 7 in Axes
  4126 | D:5      | Reached XP level 8. HP: 28/70 MP: 7/7
  4379 | D:5      | Found a stormy altar of Qazlal.
  4688 | D:5      | Identified the +0 leather armour "Xoazul" {rPois Str+2
                  | Int-2}
  5096 | D:6      | Found a staircase to the Ecumenical Temple.
  5111 | Temple   | Entered the Ecumenical Temple
  5118 | Temple   | Became a worshipper of Warmaster Okawaru
  5260 | D:6      | Reached skill level 8 in Axes
  5601 | D:6      | Reached skill level 1 in Invocations
  6055 | D:7      | Found a snail-covered altar of Cheibriados.
  6059 | D:7      | Found a hazy altar of Hepliaklqana.
  6059 | D:7      | Found an opulent altar of Gozag.
  6060 | D:7      | Found an ancient bone altar of Kikubaaqudgha.
  6070 | D:7      | Reached * piety under Okawaru
  6073 | D:7      | Reached XP level 9. HP: 49/78 MP: 9/9
  6525 | D:7      | Noticed a komodo dragon
  6534 | D:7      | Killed a komodo dragon
  6535 | D:7      | Reached skill level 9 in Axes
  6750 | D:7      | Reached ** piety under Okawaru
  7068 | D:7      | Reached skill level 5 in Throwing
  7133 | D:8      | Found a bloodstained altar of Trog.
  7197 | D:8      | Noticed Grum
  7207 | D:8      | Noticed Pikel
  7207 | D:8      | HP: 1/80 [Grum/-1 spear (14)]
  7212 | D:8      | Slain by Grum

Illustrated notes

Levels and vault maps discovered:
D:1:      matt_arrival_debris, layout_basic, serial_corexii_hall,
          chequers_hall_statues_corner_a, corexii_hall_statues_deadend
D:2:      cheibrodos_pilgrimage, layout_basic
D:3:      layout_rooms, elyvilon_altar_5, serial_shops, shop, uniq_natasha
D:4:      minmay_angry_zag, layout_basic, serial_shops, kennysheep_mini_moat,
          gammafunk_ghost_mausoleum, st_stairs_2, minmay_close_crescents,
          uniq_duvessa, uniq_menkaure
D:5:      layout_loops_ring, grunt_qazlal_clouds
D:6:      layout_loops_cross, temple_pool_b, minmay_puff
D:7:      kennysheep_steamy, layout_basic, grunt_temple_overflow_open
D:8:      layout_rooms, mainiacjoe_overflow_alcove_1, bloody_trog,
          lemuel_coloured_pillars_altar, nicolae_ru_great_annihilating_truth,
          grunt_decor_clamped, uniq_pikel, uniq_grum
Temple:   minmay_freezing_vapour_temple

Skill      XL: |  1  2  3  4  5  6  7  8  9 |
---------------+----------------------------+-----
Axes           | 3 4 5 7 8 9 |  9.7
Shields        | 4 5 6 7 |  7.6
Fighting       | 4 5 6 7 |  7.6
Armour         | 4 5 6 7 |  7.6
Throwing       | 1 2 3 4 5 |  5.1
Invocations    | 1 3 |  3.1

Action                     |  1- 3 |  4- 6 |  7- 9 || total
---------------------------+-------+-------+-------++-------
  Melee: War axe           |    63 |   110 |   233 ||   406
         Headbutt          |    12 |    17 |    40 ||    69
  Throw: Boomerang         |       |       |     9 ||     9
    Use: Scroll            |       |     8 |    10 ||    18
         Potion            |       |       |     1 ||     1
 Armour: Scale mail        |    31 |    74 |       ||   105
         Chain mail        |       |     7 |   167 ||   174
  Dodge: Dodged            |    47 |    79 |   102 ||   228
  Block: Buckler           |    18 |    37 |    70 ||   125

Table legend: (Time is in decaauts)
 A = Elapsed time spent in this place.
 B = Non-inter-level travel time spent in this place.
 C = Inter-level travel time spent in this place.
 D = Time resting spent in this place.
 E = Time spent auto-exploring this place.
 F = Levels seen in this place.
 G = Mean time per level.
                   A        B        C        D        E       F      G
               +--------+--------+--------+--------+--------+-----+--------+
         Total |   7304 |   7130 |    174 |    325 |   4823 |   9 |  811.6 |
       Dungeon |   7287 |   7113 |    174 |    325 |   4823 |   8 |  910.9 |
        Temple |     16 |     16 |      0 |      0 |      0 |   1 |   16.0 |
               +--------+--------+--------+--------+--------+-----+--------+

Top non-repeatable levels by time:
     D:4: 1192 daAuts
     D:1: 1142 daAuts
     D:7: 1100 daAuts
     D:6: 994 daAuts
     D:5: 936 daAuts
     D:3: 917 daAuts
     D:2: 916 daAuts
     D:8: 89 daAuts
  Temple: 16 daAuts
